 Dungeon Crawl Stone Soup version 0.30.0 (webtiles) character file.

Game seed: 4163905987914153043

281 Kenran the Basher (level 6, -2/51 HPs)
             Began as a Minotaur Monk on May 6, 2023.
             Killed by divine providence
             ... invoked by an orc priest
              (13 damage)
             ... on level 3 of the Dungeon.
             The game lasted 00:03:26 (1955 turns).

Kenran the Basher (Minotaur Monk)                   Turns: 1955, Time: 00:03:27

Health: -2/51      AC:  5    Str: 18    XL:     6   Next: 6%
Magic:  5/5        EV: 11    Int:  7    God:
Gold:   130        SH:  0    Dex: 12    Spells: 5/5 levels left

rFire   . . .        a - +0 mace
rCold   . . .        d - orb {light}
rNeg    . . .        j - +0 ring mail
rPois   +            (helmet restricted)
rElec   .            (no cloak)
rCorr   .            (no gloves)
SInv    .            (no boots)
Will    .....        (no amulet)
Stlth   +            Y - +4 ring of slaying
HPRegen 0.28/turn    P - ring of poison resistance
MPRegen 0.09/turn

%: no passive effects
@: glowing
A: horns 2, retaliatory headbutt
a: no special abilities


You were on level 3 of the Dungeon.
You visited 1 branch of the dungeon, and saw 3 of its levels.

You collected 130 gold pieces.


Innate Abilities, Weirdness & Mutations

You have a pair of horns on your head.
You reflexively headbutt those who attack you in melee.


   Skills:
 - Level 3.6 Fighting
 + Level 8.2 Maces & Flails
 - Level 3.2 Dodging


You had 5 spell levels left.
You didn't know any spells.
Your spell library contained the following spells:

 Spells                   Type           Power      Damage    Failure   Level
 Summon Small Mammal      Summ           0%         N/A       63%         1
 Call Canine Familiar     Summ           0%         N/A       94%         3
 Hailstorm                Conj/Ice       0%         3d3       94%         3
 Summon Guardian Golem    Hex/Summ       0%         N/A       94%         3
 Ice Form                 Ice/Tmut       0%         N/A       100%        4
 Simulacrum               Ice/Necr       0%         N/A       100%        6
 Orb of Destruction       Conj           0%         9d5       100%        7
 Spellforged Servitor     Conj/Summ      0%         N/A       100%        7

Inventory:

Hand Weapons
 a - a +0 mace (weapon)
Missiles
 o - 4 stones (quivered)
Armour
 d - an orb of light (worn)
 j - a +0 ring mail (worn)
   (You found it on level 1 of the Dungeon)
Magical Staves
 r - a staff of death {!a}
   (You found it on level 2 of the Dungeon)
Jewellery
 P - a ring of poison resistance (right hand)
   (You found it on level 1 of the Dungeon)
 Y - a +4 ring of slaying (left hand)
   (You found it on level 1 of the Dungeon)
Scrolls
 e - a scroll of fog {unknown}
 f - a scroll of noise {unknown}
 g - 2 scrolls of poison
 l - 2 scrolls of immolation {!r!r}
 m - a scroll of torment {unknown}
 n - a scroll of teleportation {unknown}
Potions
 b - 2 potions of curing {unknown}
 c - a potion of ambrosia
 h - a potion of resistance
 i - a potion of invisibility {unknown}
 k - a potion of attraction {unknown}
 p - 2 potions of flight {unknown}
 q - a potion of degeneration {unknown}

Dungeon Overview and Level Annotations

Branches:
Dungeon (3/15) Zot: 16035

Altars:

...# ..# ... #
... #.### #.#
#....##o#####.#
####
#...o......#
##... #.#o#
#.... #@##
#..## #.#
##.... #.#
####..... #.#
#.......# #.#
##.#......
##.##
#........#
#...#
#.....##.#
#...#
#...#.##.#
#...#
#.........


You could see 2 orc priests and an orc wizard (invisible).


Message History

You now have 51 max hp (+6).
You regained 6 hp, and now have 49/51 hp.
Your mp is fully restored (5).
An orc and a goblin come into view.
The orc is wielding a +2 short sword of protection.
The orc shouts!
The goblin shouts!
You hear a shout! x2
An endoplasm comes into view.
The goblin unwields a +0 dagger.
The goblin wields a +0 sling.
The goblin shoots a sling bullet.
The sling bullet hits you.
The endoplasm quivers. 😕 HP[+1] 😎 HP[+1]
Your hp is fully restored (51).
The goblin shoots a sling bullet.
The sling bullet closely misses you.
The goblin unwields a +0 sling.
The goblin wields a +0 dagger.
The goblin barely misses you. You furiously retaliate!
You headbutt the goblin!
You kill the goblin!
You hit the endoplasm. You headbutt the endoplasm.
You kill the endoplasm!
You barely miss the orc. You headbutt the orc!
You kill the orc!
No target in view!
No target in view!
An orc comes into view. It is wielding a +0 club.
The orc shouts!
You hear a shout!
Items here: ))) †.
Okay, then.
An orc comes into view. It is wielding a +0 club.
The orc barely misses you. You furiously retaliate!
You headbutt the orc. You sock the orc!
You kill the orc!
The orc misses you. You furiously retaliate!
You headbutt the orc.
Things that are here:
a +0 club; a +0 leather armour; an orc corpse You barely miss the orc.
The orc barely misses you. You furiously retaliate!
You headbutt the orc!
You kill the orc!
No target in view!
No target in view!
Things that are here:
a +0 club; a +0 leather armour
Things that are here:
a +0 club; a +0 leather armour; an orc corpse An orc comes into view.
It is wielding a +0 club.
The orc shouts!
An orc is nearby!
You barely miss the orc. You headbutt the orc!
You kill the orc!
No target in view!
No target in view!
You now have 130 gold pieces (gained 11).
You see here a +0 club.
A rat comes into view.
You see here a +0 helmet.
The rat barely misses you.
You hit the rat.
You kill the rat!
No target in view!
You see here a +0 helmet.
l - 2 scrolls of immolation {!r!r} (gained 1)
An orc and 2 orc priests come into view.
The orc priest shouts! x2; You hear a shout!
The orc priest mumbles some strange prayers to Beogh against you.
Beogh smites you! 😮 HP[-17]
You take 17 damage, and now have 34/51 hp.
MASSIVE DAMAGE!! (PAUSE)
The orc priest calls down the wrath of Beogh upon you.
Beogh smites you!
* * * LOW HITPOINT WARNING * * *
😨 HP[-9]
You take 9 damage, and now have 25/51 hp.
An orc wizard comes into view. It is wielding a +0 dagger.
The orc priest casts a cantrip, but nothing happens.
An orc wizard comes into view.
It is wielding a +0 dagger and wearing a +1 robe of willpower.
The orc wizard shouts!
The orc wizard mumbles some strange words.
The orc wizard flickers and vanishes!
Deactivating autopickup; reactivate with Ctrl-A. 😮 HP[+1]
You hit the orc. The orc hits you with a +0 flail.
* * * LOW HITPOINT WARNING * * *
The orc wizard casts a spell.
The orc wizard flickers and vanishes! 😨 HP[-4]
You take 4 damage, and now have 22/51 hp.
Okay, then.
You sock the orc!
You kill the orc!
You completely miss the orc priest.
The orc priest calls down the wrath of Beogh upon you.
Beogh smites you!
* * * LOW HITPOINT WARNING * * *
😱 HP[-11]
You take 11 damage, and now have 11/51 hp.
MASSIVE DAMAGE!! (PAUSE)
You hit the orc priest.
The orc priest calls down the wrath of Beogh upon you.
Beogh smites you!
You die...

Skill      XL: |  1  2  3  4  5 |
---------------+----------------+-----
Maces & Flails | 4 5 7 8 |  8.2
Fighting       | |  3.6
Dodging        | |  3.2

Action                     |  1- 3 |  4- 6 || total
---------------------------+-------+-------++-------
  Melee: Mace              |    51 |    49 ||   100
         Headbutt          |    10 |     7 ||    17
    Use: Scroll            |     1 |     2 ||     3
         Potion            |     3 |       ||     3
 Armour: Robe              |     2 |       ||     2
         Ring mail         |     6 |    10 ||    16
  Dodge: Dodged            |    29 |    20 ||    49

Levels and vault maps discovered:
D:1:      minmay_arrival_nine_rooms, layout_loops_ring, minmay_tetromino_t4
D:2:      layout_loops_corners, minivault_19, uniq_sigmund, uniq_robin
D:3:      layout_loops_cross, amcnicky_altar_gilded,
          nicolae_tso_swordbearing_angel, nicolae_overflow_hidden_temple

Notes
Turn   | Place    | Note
-------+----------+-------------------------------------------
     0 | D:1      | Kenran the Minotaur Monk began the quest for the Orb.
     0 | D:1      | Reached XP level 1. HP: 19/19 MP: 0/0
     0 | D:1      | magus.rc [v1.11.6]
   232 | D:1      | Reached skill level 4 in Maces & Flails
   342 | D:1      | Reached XP level 2. HP: 21/26 MP: 1/1
   504 | D:1      | You add the spells Hailstorm, Ice Form and Simulacrum to
                  | your library.
   819 | D:2      | You add the spells Summon Guardian Golem, Orb of
                  | Destruction and Spellforged Servitor to your library.
   968 | D:2      | Reached skill level 5 in Maces & Flails
   968 | D:2      | Reached XP level 3. HP: 31/31 MP: 2/2
  1137 | D:2      | Noticed Sigmund
  1145 | D:2      | HP: 2/31 [Sigmund/magic dart (11)]
  1149 | D:2      | Killed Sigmund
  1150 | D:2      | Reached skill level 7 in Maces & Flails
  1150 | D:2      | Reached XP level 4. HP: 29/39 MP: 3/3
  1150 | D:2      | Reached XP level 5. HP: 33/45 MP: 4/4
  1367 | D:2      | Noticed Robin
  1379 | D:2      | Killed Robin
  1387 | D:2      | Reached skill level 8 in Maces & Flails
  1649 | D:2      | You add the spells Summon Small Mammal and Call Canine
                  | Familiar to your library.
  1843 | D:3      | Reached XP level 6. HP: 49/51 MP: 5/5
  1954 | D:3      | HP: 11/51 [orc priest/divine providence (12)]
  1955 | D:3      | Killed from afar by an orc priest

Vanquished Creatures
  Sigmund (D:2)
  Robin (D:2)
  3 gnolls
  An adder (D:3)
  A worm (D:2)
  2 dart slugs
  5 orcs (D:3)
  6 endoplasms
  14 goblins
  7 hobgoblins
  4 kobolds (D:1)
  2 quokkas (D:1)
  3 ball pythons
  5 bats
  A frilled lizard (D:1)
  5 rats
61 creatures vanquished.

Table legend:
 A = Non-vault XP
 B = Vault XP
 C = Vault XP percentage of total XP
 D = Non-vault monster count
 E = Vault monster count
 F = Vault count percentage of total count
                 A         B        C        D         E       F
            +---------+---------+-------+---------+---------+-------
      Total |     135 |     267 |  66.4 |      44 |      17 |  27.9
            +---------+---------+-------+---------+---------+-------
        D:1 |      36 |       6 |  14.3 |      15 |       3 |  16.7
        D:2 |      57 |     261 |  82.1 |      16 |      14 |  46.7
        D:3 |      42 |       0 |   0.0 |      13 |       0 |   0.0
            +---------+---------+-------+---------+---------+-------

Skill      XL: |  1  2  3  4  5 |
---------------+----------------+-----
Maces & Flails | 4 5 7 8 |  8.2
Fighting       | |  3.6
Dodging        | |  3.2

Action                     |  1- 3 |  4- 6 || total
---------------------------+-------+-------++-------
  Melee: Mace              |    51 |    49 ||   100
         Headbutt          |    10 |     7 ||    17
    Use: Scroll            |     1 |     2 ||     3
         Potion            |     3 |       ||     3
 Armour: Robe              |     2 |       ||     2
         Ring mail         |     6 |    10 ||    16
  Dodge: Dodged            |    29 |    20 ||    49

Illustrated notes

Table legend:
 A = Kills in this place as a percentage of kills in the entire game.
 B = Kills by you in this place as a percentage of kills by you in the entire game.
 C = Kills by friends in this place as a percentage of kills by friends in the entire game.
 D = Other kills in this place as a percentage of other kills in the entire game.
 E = Experience gained in this place as a percentage of experience gained in the entire game.
 F = Experience gained in this place divided by the number of levels of this place that you have seen.
                   A       B       C       D       E      F
               +-------+-------+-------+-------+-------+----------------------
         Total | 100.0 | 100.0 |   N/A |   N/A | 100.0 | 134.0
       Dungeon | 100.0 | 100.0 |   N/A |   N/A | 100.0 | 134.0
               +-------+-------+-------+-------+-------+----------------------

Table legend: (Time is in decaauts)
 A = Elapsed time spent in this place.
 B = Non-inter-level travel time spent in this place.
 C = Inter-level travel time spent in this place.
 D = Time resting spent in this place.
 E = Time spent auto-exploring this place.
 F = Levels seen in this place.
 G = Mean time per level.
                   A        B        C        D        E       F      G
               +--------+--------+--------+--------+--------+-----+--------+
         Total |   1963 |   1919 |     44 |    147 |   1392 |   3 |  654.3 |
       Dungeon |   1963 |   1919 |     44 |    147 |   1392 |   3 |  654.3 |
               +--------+--------+--------+--------+--------+-----+--------+

Top non-repeatable levels by time:
     D:2: 921 daAuts
     D:1: 862 daAuts
     D:3: 178 daAuts
